 Dungeon Crawl Stone Soup version 0.32-a0-86-g8db1b9f803 (webtiles) character file.

Game seed: 14263708475285042251

238 Newt the Trooper (level 6, -5/40 HPs)
             Began as a Gargoyle Fighter on Feb 5, 2024.
             Slain by a mummy (8 damage)
             ... in an ossuary.
             The game lasted 00:03:43 (2305 turns).

Newt the Trooper (Gargoyle Fighter)                 Turns: 2305, Time: 00:03:45

Health: -5/40      AC: 12    Str: 22    XL:     6   Next: 7%
Magic:  6/6        EV:  9    Int:  8    God:
Gold:   86         SH:  4    Dex:  9    Spells: 5/5 levels left

rFire   . . .        a - +0 flail
rCold   . . .        c - +0 buckler
rNeg    + . .        b - +0 scale mail
rPois   ∞            g - +0 helmet
rElec   +            (no cloak)
rCorr   .            (no gloves)
SInv    .            (no boots)
Will    .....        (no amulet) Stlth
                     (no ring)
HPRegen 0.26/turn    (no ring)
MPRegen 0.10/turn

%: no passive effects
@: no status effects
A: sickness immunity, AC +4, negative energy resistance 1, electricity
resistance, torment resistance 1, petrification resistance
a: no special abilities


You were in an ossuary.
You visited 1 branch of the dungeon, and saw 4 of its levels.
You also visited: Ossuary.

You collected 148 gold pieces.
You spent 62 gold pieces at shops.

Inventory:

Hand Weapons
 a - a +0 flail (weapon)
Armour
 b - a +0 scale mail (worn)
 c - a +0 buckler (worn)
 g - a +0 helmet (worn)
Scrolls
 i - a scroll of identify
 k - a scroll of amnesia
 l - a scroll of poison
Potions
 d - a potion of might
 e - 2 potions of curing
 f - a potion of heal wounds
 h - 2 potions of degeneration
 j - a potion of berserk rage {unknown}


   Skills:
 + Level 4.9 Fighting
 * Level 2.6(3.5) Axes
 - Level 3.9(4.4) Maces & Flails
 - Level 3.2 Armour
 - Level 3.2 Shields


You had 5 spell levels left.
You didn't know any spells.
Your spell library contained the following spells:

 Spells                   Type           Power      Damage    Failure   Level
 Dazzling Flash           Conj/Hex       0%         N/A       99%         3
 Inner Flame              Hex/Fire       0%         N/A       99%         3
 Volatile Blastmotes      Fire/Tloc      0%         2d10      99%         3
 Flame Wave               Conj/Fire      0%         2d4       100%        4
 Sticky Flame             Fire/Alch      0%         2d4       100%        4
 Starburst                Conj/Fire      0%         6d3       100%        6
 Maxwell's Capacitive Co  Air            0%         ∞         100%        8


Dungeon Overview and Level Annotations

Branches:
Dungeon (4/15)            Ossuary (1/1)
 Temple: D:4-7

Altars:

Shops:
D:2 ?((!


Innate Abilities, Weirdness & Mutations

You are immune to sickness and miasma.
Your stone body is resilient. (AC +4)
You are immune to poison.
You resist negative energy. (rN+)
You are resistant to electric shocks. (rElec)
You are resistant to unholy torment.
You are immune to petrification.


Message History

The world spins around you as you enter the gateway.
You enter an ossuary!
Found a gate leading back out of this place.
There is an empty arch of ancient stone here.
There are monsters nearby!
There are monsters nearby!
There are monsters nearby!
Unknown command.
You hit the scorpion zombie but do no damage.
The scorpion zombie hits you but does no damage.
You thump the scorpion zombie!
The scorpion zombie is lightly damaged.
The scorpion zombie hits you but does no damage.
You barely miss the scorpion zombie.
The scorpion zombie is lightly damaged.
The scorpion zombie closely misses you. You block the mummy's attack.
You hit the scorpion zombie.
The scorpion zombie is moderately damaged.
The scorpion zombie hits you but does no damage.
The mummy hits you. The mummy hits you but does no damage.
The scorpion zombie completely misses you.
You barely miss the scorpion zombie.
The scorpion zombie is moderately damaged.
The scorpion zombie hits you but does no damage.
The mummy hits you!
You sock the scorpion zombie!
The scorpion zombie is heavily damaged.
The scorpion zombie hits you. You block the mummy's attack.
You hit the scorpion zombie.
The scorpion zombie is severely damaged.
The scorpion zombie hits you but does no damage.
You block the mummy's attack. The mummy hits you!
* * * LOW HITPOINT WARNING * * *
You hit the scorpion zombie.
The scorpion zombie is severely damaged.
The scorpion zombie hits you but does no damage.
The mummy hits you!
* * * LOW HITPOINT WARNING * * *
The mummy hits you!
You die...

##+##
#...#
#.∩.#
#...#
#.∩.#
##M..##
#@M...#
#Z#.#.#
#######


You could see 2 mummies and a scorpion zombie.

Vanquished Creatures
  A bombardier beetle (D:3)
  A jelly (D:4)
  2 orc wizards
  5 adders
  4 dart slugs
  2 ribbon worms
  2 orcs (D:3)
  5 endoplasms
  2 giant cockroaches
  5 goblins
  6 hobgoblins
  10 kobolds
  2 quokkas
  11 ball pythons
  5 bats
  4 frilled lizards
  4 rats
  A rat zombie (D:4)
72 creatures vanquished.

Notes
Turn   | Place    | Note
-------+----------+-------------------------------------------
     0 | D:1      | Newt the Gargoyle Fighter began the quest for the Orb.
     0 | D:1      | Reached XP level 1. HP: 14/14 MP: 1/1
   147 | D:1      | Reached XP level 2. HP: 16/19 MP: 2/2
   245 | D:1      | Found a faded altar of an unknown god.
   369 | D:1      | Reached XP level 3. HP: 18/24 MP: 3/3
   701 | D:2      | Found Sepo's Weapon Shop.
   711 | D:2      | Found Yschuonwu's Distillery.
   721 | D:2      | Bought a potion of degeneration for 10 gold pieces
   721 | D:2      | Bought a potion of curing for 30 gold pieces
   757 | D:2      | Found Urask's Magic Scroll Boutique.
   761 | D:2      | Reached skill level 4 in Fighting
   790 | D:2      | Bought a scroll of identify for 22 gold pieces
   831 | D:2      | Reached XP level 4. HP: 29/29 MP: 4/4
  1196 | D:2      | Found Haets's Weapon Emporium.
  1318 | D:3      | Reached skill level 1 in Axes
  1318 | D:3      | Reached XP level 5. HP: 30/34 MP: 5/5
  2085 | D:3      | Reached XP level 6. HP: 20/40 MP: 6/6
  2286 | D:4      | Found a sand-covered staircase.
  2295 | Ossuary  | Entered an ossuary
  2305 | Ossuary  | Slain by a mummy

Illustrated notes

Levels and vault maps discovered:
D:1:      saegor_arrival_simple_b, layout_basic,
          ebering_ecumenical_altar_petrified, minmay_door_square
D:2:      layout_basic, serial_shops, nicolae_shop_tiny_waterfront, shop,
          nicolae_shop_tiny_glass, shop
D:3:      layout_basic, serial_rivers, chequers_serial_rivers_micro_d,
          chequers_serial_rivers_large_a, chequers_serial_rivers_micro_b,
          chequers_serial_rivers_room_b, chequers_serial_rivers_room_a,
          chequers_serial_rivers_marsh
D:4:      layout_layer_cave, enter_ossuary_3
Ossuary:  ossuary_minmay_chase

Skill      XL: |  1  2  3  4  5 |
---------------+----------------+-----
Maces & Flails | 3 |  3.9
Fighting       | 4 |  4.9
Axes           | 1 2 |  2.6
Armour         | |  3.2
Shields        | |  3.2

Action                     |  1- 3 |  4- 6 || total
---------------------------+-------+-------++-------
  Melee: Flail             |   136 |   182 ||   318
    Use: Scroll            |     1 |     2 ||     3
         Potion            |       |     4 ||     4
 Armour: Scale mail        |   120 |   189 ||   309
  Dodge: Dodged            |    99 |    91 ||   190
  Block: Buckler           |    42 |    42 ||    84

Table legend: (Time is in decaauts)
 A = Elapsed time spent in this place.
 B = Non-inter-level travel time spent in this place.
 C = Inter-level travel time spent in this place.
 D = Time resting spent in this place.
 E = Time spent auto-exploring this place.
 F = Levels seen in this place.
 G = Mean time per level.
                   A        B        C        D        E       F      G
               +--------+--------+--------+--------+--------+-----+--------+
         Total |   2408 |   2348 |     60 |    233 |   1467 |   5 |  481.6 |
       Dungeon |   2396 |   2336 |     60 |    233 |   1467 |   4 |  599.0 |
       Ossuary |     11 |     11 |      0 |      0 |      0 |   1 |   11.0 |
               +--------+--------+--------+--------+--------+-----+--------+

Top non-repeatable levels by time:
     D:3: 949 daAuts
     D:2: 681 daAuts
     D:1: 670 daAuts
     D:4: 94 daAuts
 Ossuary: 11 daAuts
